Description

Modification for 3v3. Inspired by Lambo ZvZ Autobahn.

(build for personal use; published for overwolf spawningtool)

Build Order

Get SALT Encoding   

  13  0:12  Overlord  
  16  0:50  Hatchery  2nd
  18  1:10  Extractor  
  17  1:15  Spawning Pool  
  20  1:50  Overlord  
  20  2:05  Queen x2  should have 20 drones / 2 queens
  30  2:28  Extractor  
  31  2:42  Lair  
  33  2:52  Evolution Chamber  
  32  2:53  Roach Warren  
  31  2:56  Overlord  
  36  3:16  Overlord  
  36  3:17  Zerg Missile Weapons Level 1  
  36  3:22  Queen  
  40  3:35  Overlord  
  40  3:36  Roach  spam roach
  40  3:37  Glial Reconstitution  
  70  5:45  Hatchery  3rd
Spawning Tool Build Advisor. Get it on Overwolf

Go to:

Details

  • Created by: IcebergSlim
  • Published on: Nov 08, 2023
  • Modified on: Nov 09, 2023
  • Patch: 5.0.11
  • Difficulty: Medium
Show
View Real Time Build Order
Export as new Build Order

Comments (0)

There are no comments. Be the first!

Create an account to comment!